 Dungeon Sprint DCSS version 0.28.0-43-g3370ac3207 (webtiles) character file.

Game seed: 8248631424050014940

137 boopmooplesden the Cleaver (level 5, -7/79 HPs)
             Began as a Minotaur Berserker on Mar 11, 2022.
             Was a Follower of Trog.
             Mangled by a wyvern (17 damage)
             ... in the Dungeon (Sprint II: "The Violet Keep of Menkaure").
             The game lasted 00:00:06 (8 turns).

boopmooplesden the Cleaver (Minotaur Berserker)        Turns: 8, Time: 00:00:07

Health: -7/79      AC:  2    Str: 23    XL:     5   Next: 0%
Magic:  4/4        EV: 13    Int:  4    God:    Trog [*.....]
Gold:   0          SH:  0    Dex: 10    Spells: 4/4 levels left

rFire   . . .      SeeInvis .   a - +0 hand axe
rCold   . . .      Faith    .   (no shield)
rNeg    . . .      Spirit   .   b - +0 animal skin
rPois   .          Reflect  .   (helmet restricted)
rElec   .          Harm     .   (no cloak)
rCorr   .          Rampage  .   (no gloves)
Will    .....      NoTele   +   (no boots)
Stlth   ..........              (no amulet)
HPRegen 0.23/turn               (no ring)
MPRegen 0.09/turn               (no ring)

@: berserking (expiring), very quick
A: horns 2, retaliatory headbutt
a: Renounce Religion, Berserk


You were in the Dungeon.
You worshipped Trog.
Trog was aware of your devotion.
You visited 1 branch

Inventory:

Hand Weapons
 a - a +0 hand axe (weapon)
Armour
 b - a +0 animal skin (worn)
Scrolls
 h - a scroll of blinking
Potions
 c - a potion of curing
 d - a potion of heal wounds
 e - a potion of haste
 f - 2 potions of magic
 g - a potion of berserk rage


   Skills:
 + Level 8.3 Fighting
 + Level 8.4 Axes
 + Level 4.2 Armour
 + Level 4.1 Dodging


You had 4 spell levels left.
You didn't know any spells.
Your spell library was empty.

Dungeon Overview and Level Annotations

Branches:
Dungeon (1/1)

Altars:


Innate Abilities, Weirdness & Mutations

You have a pair of horns on your head.
You reflexively headbutt those who attack you in melee.


Message History

Trog says: Kill them all!
Press ? for a list of commands and other information.
Found a staircase leading out of the dungeon.
You open the door. 2 wyverns come into view.
A red film seems to cover your vision as you go berserk!
You feel yourself moving faster!
You feel mighty!
The wyvern hisses angrily.
You closely miss the wyvern. The wyvern bites you.
You hit the wyvern.
The wyvern is moderately wounded.
The wyvern bites you!
You completely miss the wyvern. You headbutt the wyvern!!
The wyvern is almost dead.
The wyvern bites you!
* * * LOW HITPOINT WARNING * * *
You hit the wyvern.
You kill the wyvern!
Trog accepts your kill.
Your Fighting skill gained 5 levels and is now at level 8!
Your Axes skill gained 5 levels and is now at level 8!
Your Armour skill gained 2 levels and is now at level 4!
Your Dodging skill gained 2 levels and is now at level 4!
You have reached level 2!
You have reached level 3!
Your experience leads to an increase in your attributes!
Increase (S)trength, (I)ntelligence, or (D)exterity?
You feel stronger. x2
You have reached level 4!
You feel agile.
You have reached level 5!
You hit the wyvern.
The wyvern is lightly wounded.
The wyvern bites you.
* * * LOW HITPOINT WARNING * * *
You slice the wyvern!!
The wyvern is severely wounded.
The wyvern bites you!
You die...

## ##
.# #.
.#.
#l#
##@##
+.<.+
##.##
#+#


You could see a wyvern.

Vanquished Creatures
  A wyvern (D)
1 creature vanquished.

Notes
Turn   | Place    | Note
-------+----------+-------------------------------------------
     0 | D        | boopmooplesden the Minotaur Berserker began the quest for
                  | the Orb.
     0 | D        | Reached XP level 1. HP: 19/19 MP: 0/0
     1 | D        | Noticed a wyvern
     1 | D        | Noticed a wyvern
     6 | D        | Killed a wyvern
     7 | D        | Reached XP level 2. HP: 10/35 MP: 1/1
     7 | D        | Reached XP level 3. HP: 11/40 MP: 2/2
     7 | D        | Reached XP level 4. HP: 14/48 MP: 3/3
     7 | D        | Reached XP level 5. HP: 15/53 MP: 4/4
     8 | D        | Mangled by a wyvern

Illustrated notes

Levels and vault maps discovered:
D:        the_violet_keep_of_menkaure [sprint2_stairs_cluster_1,
          sprint2_shoproom, sprint2_temple, sprint2_basic_supplies,
          sprint2_obstacle_1, sprint2_obstacle_6, sprint2_obstacle_4,
          sprint2_obstacle_5, sprint2_obstacle_7, sprint2_timed_cluster_1,
          sprint2_smallroom_cluster_1, sprint2_smallroom_final_cluster_1,
          sprint2_transparent_cluster_1, sprint2_second_timed_cluster_1,
          sprint2_sniper_area_1, sprint2_heavy_combat_area_1,
          sprint2_mutation_trap_area_1, sprint2_forest_area_1,
          sprint2_light_combat_area_1, sprint2_behind_water_1,
          sprint2_near_end_vault_1]

Skill      XL: |  1 |
---------------+----+-----
Fighting       | 8 |  8.3
Axes           | 8 |  8.4
Armour         | 4 |  4.2
Dodging        | 4 |  4.1

Action                   |  1- 3 |  4- 6 || total
-------------------------+-------+-------++-------
Melee: Hand axe          |     4 |     2 ||     6
       Headbutt          |     1 |       ||     1
Invok: Berserk           |     1 |       ||     1
